AoeStats
← ! KEEP`aShRiel;♡'m

Arena

507615259Analyzed
2v2 RM · 12d ago on Sep 19, 2026· 46m 38s· 4 players
Game mode
Random Map
Map size
Medium (4 player)
Population
200
Speed
Normal
Resources
Standard
Victory
Conquest
Starting age
Dark Age
Ending age
Imperial Age
RankedLock teamsTeams togetherTeam positionsShared explorationLock speedFull tech treeHidden civsTurbo modeCheats
Victory
Defeat
🇨🇳 Franks · China
946
+13
🇦🇷 Huns · Argentina
887
+42
🇹🇷 Turks · Türkiye
891
-15
🇵🇾 Inca · Paraguay
853
-13
! KEEP`aShRiel;♡'m
11:03 Feudal Age
14:11 Loom
17:43 Castle Age
16:38 Double-Bit Axe
16:35 Horse Collar
23:58 Imperial Age
22:51 Padded Archer Armor
22:54 Heavy Plow
23:10 Bow Saw
23:55 Leather Archer Armor
24:47 Wheelbarrow
24:44 Gold Mining
26:22 Town Watch
28:22 Two-Man Saw
28:01 Gold Shaft Mining
28:53 Ring Archer Armor
34:24 Hand Cart
35:42 Town Patrol
40:32 Stone Mining
45:59 Husbandry
46:10 Bloodlines
Burgerlover
11:00 Feudal Age
11:28 Horse Collar
13:12 Stone Mining
45:21 Castle Age
45:28 Double-Bit Axe
2026
0:27 Loom
10:50 Feudal Age
16:02 Castle Age
30:32 Elite Skirmisher
32:30 Town Watch
37:13 Imperial Age
37:13 Wheelbarrow
37:56 Cavalier
39:15 Paladin
41:51 Forging
43:14 Husbandry
46:35 Scale Barding Armor
ferchboo
13:16 Feudal Age
19:40 Horse Collar
21:02 Gold Mining
26:26 Castle Age
26:32 Castle Age
24:29 Stone Mining
26:11 Padded Archer Armor
26:01 Fletching
26:18 Scale Barding Armor
26:13 Scale Mail Armor
26:24 Forging
27:03 Wheelbarrow
26:14 Loom
26:15 Town Watch
26:38 Elite Skirmisher
26:59 Pikeman
28:39 Double-Bit Axe
29:34 Heavy Plow
30:24 Leather Archer Armor
30:05 Bodkin Arrow
30:16 Light Cavalry
31:02 Husbandry
31:35 Hand Cart
32:59 Iron Casting
32:45 Town Patrol
33:54 Husbandry
35:00 Bloodlines
34:15 Light Cavalry
Connection lost

Rejoining the realm…

Still unreachable

The connection could not be restored.

Session expired

The server has moved on; the page needs a fresh start.